General information
- name: BNet
- type: Ladder team game (AT/RT)
- host: Battle.net
- saver: Teelo
map: FullScaleAssault
- players: 8
- length: 08:12
- speed: Fast
- version: 1.26 W3XP
- replay type: Public
» download(51 KB)
Players
team 1 (winner)
gaNjAkiNg (
green | 59 APM | 482 actions | 08:08)
2 Blademaster
1 Wind Walk
1 Critical Strike
1 Shadow Hunter
1 Healing Wave
» actions
| Assign group hotkey | 24 | |
| Basic commands | 4 | |
| Build / train | 33 | |
| ESC pressed | 1 | |
| Enter build submenu | 13 | |
| Enter hero's abilities submenu | 3 | |
| Right click | 186 | |
| Select / deselect | 83 | |
| Select group hotkey | 109 | |
| Use ability | 25 | |
482 total
» units
» upgrades
» buildings
| Altar of Storms | 1 | |
| Orc Burrow | 4 | |
| Voodoo Lounge | 1 | |
| Barracks | 1 | |
| Stronghold | 4 | |
| War Mill | 1 | |
| Fortress | 1 | |
| Spirit Lodge | 1 | |
| Great Hall | 1 | |
15 total
» build order
00:33 Altar of Storms
00:35 Orc Burrow
01:22 Voodoo Lounge
01:24 Barracks
01:43 Orc Burrow
02:46 Stronghold
02:46 Stronghold
02:46 Stronghold
03:39 Orc Burrow
04:20 War Mill
05:42 Fortress
05:46 Spirit Lodge
06:39 Great Hall
07:57 Orc Burrow
» items
| Healing Salve | 1 | |
| Lesser Clarity Potion | 1 | |
2 total

»
JeDI_Adrian (
blue | 61 APM | 499 actions | 08:07)
2 Blademaster
1 Wind Walk
1 Critical Strike
» actions
| Assign group hotkey | 26 | |
| Build / train | 29 | |
| Enter build submenu | 10 | |
| Enter hero's abilities submenu | 2 | |
| Remove unit from queue | 1 | |
| Right click | 157 | |
| Select / deselect | 65 | |
| Select group hotkey | 188 | |
| Use ability | 21 | |
499 total
» units
| Peon | 10 | |
| Grunt | 4 | |
| Troll Witch Doctor | 1 | |
15 total
» upgrades
| Melee Weapons | 1 | |
| Armor | 1 | |
| Witch Doctor Training | 1 | |
3 total
» buildings
| Altar of Storms | 1 | |
| Orc Burrow | 4 | |
| Voodoo Lounge | 1 | |
| Stronghold | 1 | |
| War Mill | 1 | |
| Barracks | 1 | |
| Spirit Lodge | 1 | |
| Fortress | 1 | |
11 total
» build order
00:07 Altar of Storms
00:19 Orc Burrow
01:00 Voodoo Lounge
02:39 Stronghold
03:05 War Mill
03:34 Orc Burrow
03:35 Orc Burrow
03:45 Barracks
05:49 Spirit Lodge
06:14 Orc Burrow
06:39 Fortress
» items
| Healing Salve | 1 | |
| Lesser Clarity Potion | 4 | |
5 total

»
Teelo (
yellow | 46 APM | 376 actions | 08:12)
2 Paladin
1 Divine Shield
1 Devotion Aura
» actions
| Assign group hotkey | 13 | |
| Basic commands | 5 | |
| Build / train | 49 | |
| Enter build submenu | 31 | |
| Enter hero's abilities submenu | 2 | |
| Right click | 78 | |
| Select / deselect | 91 | |
| Select group hotkey | 62 | |
| Use ability | 45 | |
376 total
» units
» upgrades
» buildings
| Altar of Kings | 1 | |
| Farm | 3 | |
| Lumber Mill | 1 | |
| Scout Tower | 28 | |
| Guard Tower | 23 | |
| Arcane Tower | 5 | |
| Keep | 1 | |
62 total
» build order
00:21 Altar of Kings
00:36 Farm
00:53 Lumber Mill
01:49 Farm
01:55 Scout Tower
02:17 Scout Tower
02:24 Scout Tower
02:25 Guard Tower
02:37 Scout Tower
02:46 Arcane Tower
02:49 Scout Tower
03:07 Guard Tower
03:08 Scout Tower
03:14 Scout Tower
03:22 Scout Tower
03:31 Guard Tower
03:37 Guard Tower
03:39 Scout Tower
03:42 Guard Tower
03:43 Scout Tower
03:44 Scout Tower
03:45 Guard Tower
03:53 Scout Tower
03:54 Guard Tower
04:07 Scout Tower
04:08 Guard Tower
04:17 Farm
04:21 Scout Tower
04:23 Guard Tower
04:28 Scout Tower
04:30 Guard Tower
04:35 Guard Tower
04:37 Scout Tower
04:45 Scout Tower
04:46 Guard Tower
04:50 Scout Tower
04:54 Arcane Tower
04:54 Arcane Tower
04:55 Arcane Tower
04:59 Scout Tower
05:21 Scout Tower
05:22 Guard Tower
05:25 Guard Tower
05:28 Guard Tower
05:33 Scout Tower
05:51 Guard Tower
05:53 Guard Tower
05:55 Scout Tower
06:13 Scout Tower
06:13 Scout Tower
06:14 Scout Tower
06:16 Guard Tower
06:37 Guard Tower
06:39 Scout Tower
06:39 Scout Tower
06:41 Scout Tower
07:03 Keep
07:08 Guard Tower
07:13 Guard Tower
07:35 Guard Tower
08:04 Guard Tower
» items
| Healing Salve | 1 | |
| Lesser Clarity Potion | 1 | |
2 total
acfuuiii (
purple | 60 APM | 490 actions | 08:08)
3 Mountain King
2 Storm Bolt
1 Bash
» actions
| Assign group hotkey | 4 | |
| Build / train | 39 | |
| Enter build submenu | 11 | |
| Enter hero's abilities submenu | 3 | |
| Give item / drop item | 1 | |
| Remove unit from queue | 1 | |
| Right click | 213 | |
| Select / deselect | 93 | |
| Select group hotkey | 101 | |
| Use ability | 24 | |
490 total
» units
| Peasant | 17 | |
| Footman | 9 | |
| Goblin Shredder | 1 | |
27 total
» upgrades
» buildings
| Altar of Kings | 1 | |
| Farm | 5 | |
| Barracks | 1 | |
| Lumber Mill | 1 | |
| Arcane Vault | 1 | |
| Keep | 1 | |
| Town Hall | 1 | |
| Blacksmith | 1 | |
| Castle | 1 | |
13 total
» build order
00:22 Altar of Kings
00:38 Farm
00:53 Barracks
01:11 Lumber Mill
01:17 Farm
01:55 Farm
02:32 Farm
03:15 Arcane Vault
03:57 Keep
04:55 Town Hall
05:03 Farm
06:54 Blacksmith
06:55 Castle
» items
| Scroll of Regeneration | 2 | |
| Lesser Clarity Potion | 2 | |
4 total
team 2 (loser)

»
Warmonger- (
teal | 48 APM | 391 actions | 08:07)
3 Keeper of the Grove
2 Entangling Roots
1 Thorns Aura
» actions
| Assign group hotkey | 12 | |
| Basic commands | 10 | |
| Build / train | 25 | |
| Enter build submenu | 7 | |
| Enter hero's abilities submenu | 3 | |
| Right click | 175 | |
| Select / deselect | 81 | |
| Select group hotkey | 54 | |
| Use ability | 24 | |
391 total
» units
» upgrades
| Strength of the Moon | 1 | |
| Moon Armor | 1 | |
2 total
» buildings
| Altar of Elders | 1 | |
| Moon Well | 3 | |
| Ancient of War | 2 | |
| Tree of Ages | 1 | |
| Hunter's Hall | 1 | |
8 total
» build order
00:11 Altar of Elders
00:12 Moon Well
00:46 Ancient of War
01:25 Moon Well
02:05 Ancient of War
02:48 Moon Well
05:09 Tree of Ages
05:55 Hunter's Hall
OccupyGoldmine (
orange | 41 APM | 321 actions | 07:53)
2 Dark Ranger
1 Black Arrow
1 Silence
» actions
| Assign group hotkey | 7 | |
| Build / train | 32 | |
| Enter build submenu | 12 | |
| Enter hero's abilities submenu | 2 | |
| Give item / drop item | 1 | |
| Right click | 118 | |
| Select / deselect | 108 | |
| Select group hotkey | 29 | |
| Use ability | 12 | |
321 total
» units
» upgrades
| Strength of the Moon | 1 | |
| Moon Armor | 1 | |
2 total
» buildings
| Moon Well | 4 | |
| Altar of Elders | 1 | |
| Ancient of War | 2 | |
| Hunter's Hall | 1 | |
| Tree of Life | 1 | |
| Ancient of Wonders | 1 | |
10 total
» build order
01:01 Moon Well
01:05 Altar of Elders
01:27 Ancient of War
01:50 Moon Well
01:53 Ancient of War
02:48 Moon Well
03:51 Hunter's Hall
06:01 Moon Well
06:15 Tree of Life
06:26 Ancient of Wonders
» items

»
NoobRT (
pink | 39 APM | 281 actions | 07:17)
2 Priestess of the Moon
1 Trueshot Aura
1 Searing Arrows
» actions
| Assign group hotkey | 18 | |
| Basic commands | 4 | |
| Build / train | 22 | |
| Enter build submenu | 8 | |
| Enter hero's abilities submenu | 2 | |
| Right click | 79 | |
| Select / deselect | 78 | |
| Select group hotkey | 57 | |
| Use ability | 13 | |
281 total
» units
» upgrades
| Ultravision | 1 | |
| Strength of the Moon | 1 | |
| Moon Armor | 1 | |
3 total
» buildings
| Altar of Elders | 1 | |
| Moon Well | 4 | |
| Hunter's Hall | 1 | |
| Ancient of War | 3 | |
| Ancient of Wonders | 1 | |
10 total
» build order
00:28 Altar of Elders
00:40 Moon Well
01:49 Hunter's Hall
02:00 Ancient of War
02:01 Ancient of War
02:09 Ancient of War
02:19 Moon Well
02:20 Moon Well
02:21 Moon Well
03:34 Ancient of Wonders
» items

»
Temple_Knight (
red | 27 APM | 213 actions | 07:48)
2 Death Knight
1 Death Coil
1 Unholy Aura
» actions
| Assign group hotkey | 2 | |
| Build / train | 23 | |
| Enter build submenu | 8 | |
| Enter hero's abilities submenu | 2 | |
| Remove unit from queue | 1 | |
| Right click | 89 | |
| Select / deselect | 79 | |
| Use ability | 9 | |
213 total
» units
| Acolyte | 3 | |
| Ghoul | 3 | |
| Crypt Fiend | 6 | |
12 total
» upgrades
| Creature Attack | 1 | |
| Creature Carapace | 1 | |
2 total
» buildings
| Altar of Darkness | 1 | |
| Ziggurat | 3 | |
| Crypt | 1 | |
| Graveyard | 1 | |
| Tomb of Relics | 1 | |
| Spirit Tower | 2 | |
| Nerubian Tower | 1 | |
10 total
» build order
00:12 Altar of Darkness
00:16 Ziggurat
00:48 Crypt
01:09 Graveyard
01:29 Ziggurat
02:05 Tomb of Relics
03:38 Ziggurat
04:34 Spirit Tower
04:36 Spirit Tower
04:38 Nerubian Tower
» items
| Dust of Appearance | 1 | |
| Sacrificial Skull | 1 | |
2 total
Chat log
(00:13 / Allies) Teelo: inc 3 hour game
(00:21 / Allies) gaNjAkiNg: 20 min for me
(00:24 / Allies) JeDI_Adrian: bats
(00:27 / Allies) gaNjAkiNg: dude no
(00:34 / Allies) JeDI_Adrian: why not?
(00:39 / Allies) gaNjAkiNg: bcuz they never win
(00:41 / Allies) Teelo: lol bats on a huge map, ur funny
(00:49 / Allies) gaNjAkiNg: get melee and docs
(00:50 / Allies) gaNjAkiNg: der
(00:52 / Allies) JeDI_Adrian: -___-
(00:58 / Allies) gaNjAkiNg: im melee sham
(01:02 / Allies) gaNjAkiNg: other 2 get aa
(01:05 / Allies) acfuuiii: tanks morte
(03:28 / Allies) JeDI_Adrian: they rushing?
(03:40 / Allies) JeDI_Adrian: rush
(03:46 / Allies) Teelo: good
(03:49 / Allies) Teelo: they will run into my towers
(04:25 / All) JeDI_Adrian: omg a rush!
(05:20 / All) Warmonger-: hack more
(05:26 / All) Teelo: lawl
(05:29 / All) JeDI_Adrian: me?
(05:35 / All) JeDI_Adrian: i hack?
(05:38 / All) JeDI_Adrian: lol
(05:39 / All) Temple_Knight: he means me
(05:44 / All) Teelo: nah he means me
(05:48 / All) Temple_Knight: no no
(05:51 / All) Temple_Knight: its me
(06:24 / Allies) gaNjAkiNg: ruysh
(06:30 / Allies) JeDI_Adrian: rofl
(06:31 / Allies) Teelo: lol failed rush already
(06:31 / All) gaNjAkiNg: fuck out niggas
(06:47 / Allies) gaNjAkiNg: they hntitin bottom
(06:47 / Allies) gaNjAkiNg: lol
(06:49 / Allies) JeDI_Adrian: LOL
(06:51 / Allies) Teelo: LOL
(06:53 / Allies) gaNjAkiNg: or creepin mid
(06:53 / Allies) gaNjAkiNg: not sure
(06:55 / Allies) gaNjAkiNg: mass up units
(06:55 / Allies) Teelo: good thing I towered both chokes
(07:14 / Allies) Teelo: lol
(07:15 / Allies) Teelo: pwned
(07:19 / All) JeDI_Adrian: LOL
(07:20 / All) Teelo: hey hows that rush going
(07:22 / All) JeDI_Adrian: LMFAO
(07:38 / All) OccupyGoldmine: I told them not to rush
(07:43 / All) Warmonger-: wah wah wah
(07:45 / All) Warmonger-: 3 NE
(07:45 / All) Temple_Knight: gg
(07:48 / Allies) Teelo: lol look at all their units
(07:49 / Allies) Teelo: hahaha
(07:50 / All) Warmonger-: would lose anyway
(07:52 / All) Teelo: no way you're getting through
(07:53 / All) Teelo: LMAO
(07:56 / All) JeDI_Adrian: lmfao
(07:57 / All) JeDI_Adrian: LOL
(08:00 / Allies) JeDI_Adrian: yellow <3
(08:02 / All) Warmonger-: I'm watching this replay
(08:03 / All) Warmonger-: for hacks